 Dungeon Sprint DCSS version 0.21.1-1-g345015f (webtiles) character file.

17649 raistware the Ninja (level 12, -31/65 HPs)
             Began as a Spriggan Assassin on Apr 17, 2018.
             Was the Champion of Dithmenos.
             Killed from afar by a fire giant (52 damage)
             ... with a fireball
             ... in the Dungeon (Sprint I: "Red Sonja").
             The game lasted 00:42:02 (3602 turns).

raistware the Ninja (Spriggan Assassin)             Turns: 3602, Time: 00:42:03

Health: -31/65     AC:  3    Str:  7    XL:     12   Next: 20%
Magic:  25/29      EV: 35    Int: 12    God:    Dithmenos [******]
Gold:   1606       SH:  0    Dex: 27    Spells: 33/36 levels left

rFire    . . .     SeeInvis +   v - +2 dagger (venom)
rCold    . . .     Gourm    .   (shield restricted)
rNeg     + . .     Faith    .   n - +1 robe of the Gravedigger {rPois Dex+4}
rPois    +         Spirit   .   (helmet restricted)
rElec    .         Reflect  .   d - +0 cloak
rCorr    .         Harm     .   (gloves unavailable)
MR       ++...     NoTele   +   (boots unavailable)
Stlth    ++++++++++             (no amulet)
HPRegen  0.20/turn              h - ring of positive energy
MPRegen  0.21/turn              (no ring)

@: wreathed by umbra, invisible, very quick
A: very small, unfitting armour, see invisible, deformed body, herbivore, speed
3, screaming 1, slow metabolism 2, subdued magic 1, MP-powered wands
a: Shadow Step, Shadow Form, Renounce Religion


You were in the Dungeon.
You worshipped Dithmenos.
Dithmenos was exalted by your worship.
You were not hungry.

You visited 1 branch You collected 2843 gold pieces.
You spent 1237 gold pieces at shops.

Inventory:

Hand Weapons
 a - a +2 dagger of venom
 l - a +9 blowgun
 v - a +2 dagger of venom (weapon)
Missiles
 e - 43 poisoned needles
 f - 8 curare-tipped needles
Armour
 d - a +0 cloak (worn)
 n - the +1 robe of the Gravedigger (worn) {rPois Dex+4}
   (You found it in the Dungeon)

   It affects your dexterity (+4).
   It protects you from poison.
Jewellery
 h - a ring of positive energy (left hand)
Wands
 p - a wand of digging (12)
 B - a wand of acid (4)
Scrolls
 c - a scroll of identify
 o - a scroll of enchant armour
 q - a scroll of fear
 u - a scroll of amnesia
 C - a scroll of remove curse
Potions
 x - a potion of agility
Books
 y - a book of Misfortune

   Spells                             Type                      Level
   a - Confusing Touch                Hexes                        1
   b - Confuse                        Hexes                        3
   c - Gell's Gravitas                Translocation                3
   d - Petrify                        Transmutation/Earth          4
   e - Metabolic Englaciation         Hexes/Ice                    5
   f - Yara's Violent Unravelling     Hexes/Transmutation          5
Miscellaneous
 b - a fan of gales


   Skills:
 + Level 8.4 Fighting
 - Level 10.2 Short Blades
 - Level 10.0 Throwing
 + Level 14.8 Dodging
 O Level 27 Stealth
 * Level 12.9 Spellcasting
 * Level 12.3 Hexes


You had 33 spell levels left.
You knew the following spells:

 Your Spells              Type           Power        Failure   Level  Hunger
a - Confuse               Hex            ####....     1%          3    None


Dungeon Overview and Level Annotations

Branches:
Dungeon (1/1)

Altars:
Cheibriados
Dithmenos
Elyvilon
Fedhas
Gozag
Hepliaklqana
Kikubaaqudgha
Makhleb
Nemelex Xobeh
Okawaru
Qazlal
Ru
Sif Muna
Trog
Uskayaw
Vehumet
Wu Jian
Xom
Yredelemnul
Zin
The Shining One
Jiyva
Lugonu

Shops:
D =*[[[(=!%((:}:?:!%%[}

Annotations:
D exclusion: oklob plant, Lernaean hydra


Innate Abilities, Weirdness & Mutations

You are very small and have problems with some larger weapons.
You are too small for most types of armour.
You have supernaturally acute eyesight. (SInv)
You are a herbivore.
You cover ground extremely quickly.
You need consume almost no food.
Armour fits poorly on your strangely shaped body.
You occasionally shout uncontrollably at your foes.
Your spells are a little easier to cast, but a little less powerful.
You expend magic power (3 MP) to strengthen your wands.


Message History

Press: ? - help, Dir - move target cursor, f - fire giant
Aim: a fire giant, wielding a great sword of flaming (resting, umbra)
You step into the fire giant's shadow. 3 fire giants come into view.
A fire giant is wielding a great sword of flaming.
A fire giant is wielding a great sword of flaming.
A fire giant is wielding a great sword of flaming.
You shout at the fire giant!
The fire giant shouts! x3
The fire giant points at you and mumbles some strange words.
The bolt of fire misses you.
The fire giant points at you and mumbles some strange words.
The fireball explodes!
The fireball engulfs the fire giant.
The fire giant resists.
The fireball engulfs you!
Ouch! That really hurt!
You emit a cloud of dark smoke.
Found 55 gold pieces, a scroll of identify and an amethyst potion.
You fade into invisibility!
The fire giant casts a spell at you.
The fireball explodes!
The fireball engulfs you!
Ouch! That really hurt!
You die...

'###.###.#§.###..###..#+###..≈#..
...'.∩##.#..####..###...#P≈..##^.
########§##'#..#..#.###.#M≈..#...
......##.##[#.......§.#.###..#...
.......§§####.....§.§§#.#.'..##..
''######.#.('......####'# ##9##$$
....§..#§#####...###....# #≈≈≈##
....§§#§§#!?$#####...#### #≈≈≈≈##
.§...≈####$.C..C@§§### #≈≈≈≈≈#
.§..≈≈# $$...§##### ####≈≈§≈#
..≈≈≈## $.CC. #$$#'≈§§' ≈≈≈###
.... #$$$##≈§# ###'### $$$
#$$$$#### ####∩∩# ## #$$$$#
∩∩∩∩∩## ≈ ###### ######


You could see 3 fire giants.

Vanquished Creatures
  A deep elf annihilator (D)
  A lorocyproca (D)
  A hydra (D)
  2 centaur warriors (D)
  Sonja (D)
  7 unseen horrors (D)
  A deep troll (D)
  A lindwurm (D)
  6 shining eyes (D)
  An oklob plant (D)
  A merfolk siren (D)
  2 gargoyles (D)
  2 kobold demonologists (D)
  4 demonic crawlers (D)
  A meliai (D)
  A slime creature (D)
  2 hornets (D)
  2 redbacks (D)
  Sigmund (D)
  A yak (D)
  8 hogs (D)
  7 floating eyes (D)
  An ogre (D)
  7 necrophages (D)
  8 jellies (D)
  Ijyb (D)
  A ballistomycete (D)
  A ballistomycete spore (D)
73 creatures vanquished.

Vanquished Creatures (others)
  A merfolk siren (D)
  3 hornets (D)
  5 hogs (D)
  A ballistomycete spore (D)
10 creatures vanquished.

Grand Total: 83 creatures vanquished

Notes
Turn   | Place    | Note
-------+----------+-------------------------------------------
     0 | D        | raistware the Spriggan Assassin began the quest for the Orb.
     0 | D        | Reached XP level 1. HP: 10/10 MP: 2/2
     2 | D        | Noticed Ijyb
     4 | D        | Killed Ijyb
     4 | D        | Reached skill level 10 in Stealth
     4 | D        | Reached XP level 2. HP: 14/14 MP: 3/3
    10 | D        | Noticed an ogre
    12 | D        | Killed an ogre
    12 | D        | Reached skill level 13 in Stealth
    12 | D        | Reached XP level 3. HP: 18/18 MP: 4/4
    12 | D        | Reached XP level 4. HP: 22/22 MP: 5/5
    25 | D        | Noticed Sigmund
    27 | D        | Killed Sigmund
    27 | D        | Reached skill level 17 in Stealth
    27 | D        | Reached XP level 5. HP: 25/25 MP: 6/6
    27 | D        | Reached XP level 6. HP: 30/30 MP: 7/7
    40 | D        | Found a deep blue altar of Sif Muna.
    41 | D        | Found an ornate altar of the Wu Jian Council.
    42 | D        | Found a radiant altar of Vehumet.
    70 | D        | Found Deytiaqo's Armour Emporium.
    70 | D        | Found an ancient bone altar of Kikubaaqudgha.
    70 | D        | Found a hazy altar of Hepliaklqana.
    70 | D        | Found a stormy altar of Qazlal.
    70 | D        | Found a hide-covered altar of Uskayaw.
    70 | D        | Found a blossoming altar of Fedhas.
    70 | D        | Found a bloodstained altar of Trog.
    70 | D        | Found an iron altar of Okawaru.
    70 | D        | Found a basalt altar of Yredelemnul.
    70 | D        | Found a glowing golden altar of the Shining One.
    70 | D        | Found a snail-covered altar of Cheibriados.
    70 | D        | Found a sacrificial altar of Ru.
    70 | D        | Found a glowing silver altar of Zin.
    70 | D        | Found a shadowy altar of Dithmenos.
    70 | D        | Found a white marble altar of Elyvilon.
    70 | D        | Noticed a yak
    71 | D        | Found an opulent altar of Gozag.
    72 | D        | Killed a yak
    72 | D        | Reached skill level 19 in Stealth
    73 | D        | Found a sparkling altar of Nemelex Xobeh.
    82 | D        | Became a worshipper of Dithmenos the Shadowed
    93 | D        | Noticed a centaur warrior
    95 | D        | Noticed a centaur warrior
    99 | D        | Killed a centaur warrior
    99 | D        | Reached skill level 5 in Short Blades
    99 | D        | Reached skill level 22 in Stealth
    99 | D        | Reached XP level 7. HP: 33/33 MP: 8/8
    99 | D        | Reached XP level 8. HP: 37/37 MP: 9/9
   100 | D        | Killed a centaur warrior
   100 | D        | Reached skill level 24 in Stealth
   121 | D        | Noticed a deep troll
   123 | D        | Killed a deep troll
   123 | D        | Reached * piety under Dithmenos
   123 | D        | Reached skill level 25 in Stealth
   123 | D        | Reached XP level 9. HP: 41/41 MP: 10/10
   136 | D        | Found Pocownih's Armour Emporium.
   149 | D        | Noticed Sonja
   152 | D        | Killed Sonja
   152 | D        | Reached skill level 27 in Stealth
   167 | D        | Found Mayj's Jewellery Boutique.
   176 | D        | Noticed a shining eye
   176 | D        | Noticed a shining eye
   176 | D        | Noticed a shining eye
   177 | D        | Noticed a shining eye
   177 | D        | Noticed a shining eye
   177 | D        | Noticed a shining eye
   179 | D        | Noticed a shining eye
   179 | D        | Noticed a shining eye
   180 | D        | Killed a shining eye
   180 | D        | Reached ** piety under Dithmenos
   180 | D        | Reached skill level 5 in Throwing
   180 | D        | Reached skill level 5 in Dodging
   223 | D        | Noticed an oklob plant
   228 | D        | HP: 2/41 [acid (8)]
   611 | D        | Found a viscous altar of Jiyva.
   611 | D        | Found a corrupted altar of Lugonu.
   612 | D        | Found a burning altar of Makhleb.
   612 | D        | Found a shimmering altar of Xom.
   627 | D        | Noticed a kobold demonologist
   628 | D        | Noticed a kobold demonologist
   642 | D        | Killed a kobold demonologist
   642 | D        | Reached *** piety under Dithmenos
   642 | D        | Reached skill level 10 in Short Blades
   642 | D        | Reached XP level 10. HP: 40/46 MP: 11/11
   722 | D        | Killed an oklob plant
   843 | D        | Reached **** piety under Dithmenos
   874 | D        | Noticed an unseen horror
   874 | D        | Noticed an unseen horror
   879 | D        | Killed an unseen horror
   879 | D        | Reached skill level 10 in Dodging
   880 | D        | Killed an unseen horror
   880 | D        | Reached skill level 5 in Fighting
   904 | D        | Reached ***** piety under Dithmenos
  1153 | D        | Reached ****** piety under Dithmenos
  1159 | D        | Got a steaming robe
  1171 | D        | Found Seli's Distillery.
  1171 | D        | Found Naiq Ysi's Jewellery Shop.
  1171 | D        | Found Luvinomn's Food Boutique.
  1173 | D        | Found Odwatoh's Weapon Emporium.
  1173 | D        | Found Geanoiq's Weapon Shop.
  1173 | D        | Found Lunurghi's Book Shoppe.
  1173 | D        | Found Fietijah's Gadget Boutique.
  1173 | D        | Found Voshak's Book Emporium.
  1173 | D        | Found Netrax's Magic Scroll Shop.
  1173 | D        | Found Nulid's Book Shoppe.
  1176 | D        | Bought a potion of heal wounds for 65 gold pieces
  1176 | D        | Bought 2 potions of curing for 78 gold pieces
  1176 | D        | Bought a potion of agility for 52 gold pieces
  1176 | D        | Bought a potion of resistance for 130 gold pieces
  1176 | D        | Bought a potion of degeneration for 13 gold pieces
  1177 | D        | Found Xizijiapn's Distillery.
  1178 | D        | Found Qutiyf's Food Emporium.
  1178 | D        | Found Figimaa's Food Boutique.
  1179 | D        | Found Hyexisen's Gadget Emporium.
  1180 | D        | Bought a book of Misfortune for 200 gold pieces
  1185 | D        | Learned a level 3 spell: Confuse
  1185 | D        | Bought a wand of acid (3) for 140 gold pieces
  1185 | D        | Bought a wand of acid (5) for 180 gold pieces
  1185 | D        | Bought a wand of acid (10) for 280 gold pieces
  1187 | D        | Bought a scroll of identify for 22 gold pieces
  1187 | D        | Bought a scroll of identify for 22 gold pieces
  1187 | D        | Bought a scroll of identify for 22 gold pieces
  1187 | D        | Bought a scroll of remove curse for 33 gold pieces
  1193 | D        | Identified the +1 robe of the Gravedigger {rPois Dex+4} (You found it in the Dungeon)
  1278 | D        | Killed a shining eye
  1323 | D        | Killed a shining eye
  1323 | D        | Reached XP level 11. HP: 57/57 MP: 15/18
  1369 | D        | Gained mutation: You occasionally shout uncontrollably at your foes. [a shining eye]
  1384 | D        | Killed a shining eye
  1384 | D        | Reached skill level 5 in Hexes
  1415 | D        | Reached skill level 5 in Spellcasting
  1454 | D        | Killed a shining eye
  1459 | D        | Found Ichel's General Store.
  1459 | D        | Found Kisix's Antique Armour Shop.
  1459 | D        | Found Woocouq's Antique Armour Emporium.
  1459 | D        | Found Miakk's Weapon Boutique.
  1485 | D        | Gained mutation: You expend magic power (3 MP) to strengthen your wands. [a shining eye]
  1487 | D        | Gained mutation: Armour fits poorly on your strangely shaped body. [a shining eye]
  1487 | D        | Gained mutation: Your spells are a little easier to cast, but a little less powerful. [a shining eye]
  1544 | D        | Noticed a lorocyproca
  1566 | D        | Killed a shining eye
  1671 | D        | Killed a lorocyproca
  1693 | D        | Noticed a lindwurm
  1696 | D        | Killed a lindwurm
  2207 | D        | Noticed a 12-headed hydra
  2209 | D        | Killed a 12-headed hydra
  2209 | D        | Reached skill level 10 in Spellcasting
  2209 | D        | Reached skill level 10 in Hexes
  2221 | D        | Noticed a deep elf annihilator
  2529 | D        | Noticed a shadow dragon
  2529 | D        | Noticed a golden dragon
  2570 | D        | Killed a deep elf annihilator
  2570 | D        | Reached skill level 10 in Throwing
  2948 | D        | Noticed a mummy priest
  2949 | D        | Noticed an oklob plant
  2953 | D        | Noticed the 27-headed Lernaean hydra
  3324 | D        | Noticed a daeva
  3327 | D        | Noticed an unseen horror
  3327 | D        | Noticed an unseen horror
  3327 | D        | Noticed an unseen horror
  3328 | D        | Noticed an unseen horror
  3328 | D        | Noticed an unseen horror
  3344 | D        | Killed an unseen horror
  3344 | D        | Reached XP level 12. HP: 43/65 MP: 24/28
  3598 | D        | Noticed a fire giant
  3601 | D        | Noticed a fire giant
  3601 | D        | Noticed a fire giant
  3601 | D        | Noticed a fire giant
  3602 | D        | Killed from afar by a fire giant

Skill      XL: |  1  2  3  4  5  6  7  8  9 10 11 12 |
---------------+-------------------------------------+-----
Stealth        | 10 13 17 22 25 27 | 27.0
Short Blades   | 3 5 6 10 | 10.2
Dodging        | 2 3 4 6 12 14 | 14.8
Throwing       | 3 4 5 9 10 | 10.0
Fighting       | 6 8 |  8.4
Spellcasting   | 4 11 12 | 12.9
Hexes          | 4 11 12 | 12.3

Action                   |  1- 3 |  4- 6 |  7- 9 | 10-12 || total
-------------------------+-------+-------+-------+-------++-------
Melee: Dagger            |     2 |     4 |    36 |   234 ||   276
 Fire: Blowgun           |       |       |     1 |     9 ||    10
 Cast: Confuse           |       |       |       |    24 ||    24
Invok: Shadow Step       |       |       |       |     3 ||     3
Evoke: Wand              |       |       |     1 |    22 ||    23
       Fan of gales      |       |       |       |     2 ||     2
       Box of beasts     |       |       |       |     2 ||     2
  Use: Potion            |       |       |     1 |    14 ||    15
       Scroll            |       |       |       |     8 ||     8
 Stab: Sleeping          |     2 |     4 |     7 |    24 ||    37
       Confused          |       |       |       |     7 ||     7
       Distracted        |       |       |       |     2 ||     2
  Eat: Ration            |       |       |       |     1 ||     1
Armor: Robe              |       |       |     1 |     2 ||     3
Dodge: Dodged            |       |       |     8 |   187 ||   195
